 Dungeon Crawl Stone Soup version 0.23-a0-405-g368ce00 (webtiles) character file.

938 GizzardofKazz the Ogre Mage (level 8, -6/60 HPs)
             Began as an Ogre Fire Elementalist on Nov 7, 2018.
             Was a Follower of Hepliaklqana.
             Mangled by Pikel
             ... wielding a +0 whip of freezing
              (7 damage)
             ... on level 5 of the Dungeon.
             The game lasted 00:24:13 (6083 turns).

GizzardofKazz the Ogre Mage (OgFE)                  Turns: 6083, Time: 00:24:14

Health: -6/60      AC:  4    Str: 13    XL:     8   Next: 12%
Magic:  3/17       EV: 12    Int: 18    God:    Hepliaklqana [*.....]
Gold:   206        SH:  0    Dex:  9    Spells: 6/19 levels left

rFire    . . .     SeeInvis .   D - +0 hand axe
rCold    . . .     Gourm    .   (no shield)
rNeg     . . .     Faith    .   a - +0 robe
rPois    .         Spirit   .   (helmet restricted)
rElec    .         Reflect  .   g - +0 cloak
rCorr    .         Harm     .   (gloves unavailable)
MR       .....                  (boots unavailable)
Stlth    +.........             i - amulet of rage
HPRegen  0.20/turn              A - +2 ring of evasion
MPRegen  0.15/turn              (no ring)

@: berserk cooldown, slowed, very slow
A: large, unfitting armour, reduced essence, tough skin 1
a: Recall Ancestor, Ancestor Identity, Renounce Religion, Evoke Berserk Rage


You were on level 5 of the Dungeon.
You worshipped Hepliaklqana.
Hepliaklqana was aware of your devotion.
You were very hungry.

You visited 2 branches of the dungeon, and saw 6 of its levels.
You also visited: Ossuary.

You collected 206 gold pieces.

Inventory:

Hand Weapons
 D - a +0 hand axe (weapon)
Armour
 a - a +0 robe (worn)
 g - a +0 cloak (worn)
Jewellery
 i - an amulet of rage (around neck)
 l - an uncursed amulet of faith
 A - a +2 ring of evasion (left hand)
Scrolls
 d - 3 scrolls of blinking {unknown}
 f - a scroll of brand weapon {unknown}
 h - 2 scrolls of magic mapping
 j - 3 scrolls of immolation {unknown}
 k - 2 scrolls of remove curse {unknown}
 m - 3 scrolls of amnesia {unknown}
 o - a scroll of enchant armour {unknown}
 p - a scroll of noise {unknown}
 q - a scroll of random uselessness {unknown}
 y - a scroll of teleportation {unknown}
 z - a scroll of fog {unknown}
 B - 3 scrolls of enchant weapon {unknown}
 E - a scroll of identify
Potions
 e - 2 potions of curing
 n - a potion of berserk rage
 r - a potion of invisibility
 s - a potion of flight
 t - a potion of brilliance
 u - 2 potions of lignification
 v - 2 potions of resistance
 w - a potion of haste
 x - a potion of heal wounds
 C - 2 potions of agility
Comestibles
 b - a chunk of flesh
 c - 9 rations


   Skills:
 - Level 1.7 Dodging
 - Level 1.4 Stealth
 + Level 6.2 Spellcasting
 + Level 4.6 Conjurations
 + Level 5.4 Fire Magic


You had 6 spell levels left.
You knew the following spells:

 Your Spells              Type           Power        Failure   Level  Hunger
a - Flame Tongue          Conj/Fire      ###..        1%          1    None
b - Throw Flame           Conj/Fire      ###...       2%          2    None
c - Conjure Flame         Conj/Fire      ###.....     4%          3    ##.....
d - Inner Flame           Hex/Fire       ###.....     12%         3    ##.....
e - Sticky Flame          Conj/Fire      ###.....     14%         4    ####...

Your spell library contained the following spells:

 Spells                   Type           Power        Failure   Level  Hunger
 Fireball                 Conj/Fire      ###.......   38%         5    #####..


Dungeon Overview and Level Annotations

Branches:
Dungeon (5/15)             Temple (1/1) D:4

Altars:
Ashenzari
Cheibriados
Dithmenos
Elyvilon
Fedhas
Gozag
Hepliaklqana
Makhleb
Nemelex Xobeh
Okawaru
Qazlal
Ru
Sif Muna
Vehumet
Xom
Yredelemnul
Zin
The Shining One

Annotations:
D:5 Edmund, Pikel


Innate Abilities, Weirdness & Mutations

You are too large for most types of armour.
You have tough skin. (AC +1)
Your life essence is reduced to manifest your ancestor. (-10% HP)


Message History

* * * LOW HITPOINT WARNING * * *
The orc wizard casts a spell at you. The magic dart hits you!
* * * LOW HITPOINT WARNING * * *
The slave barely misses you. The slave hits you.
* * * LOW HITPOINT WARNING * * *
Unknown command.
You are too berserk!
The orc wizard mumbles some strange words.
The orc wizard seems to speed up.
You feel a strong urge to attack something.
You are no longer berserk.
You are exhausted.
You feel yourself slow down.
The orc wizard hits you but does no damage.
There is a stone staircase leading up here.
The orc wizard hits you but does no damage.
The orc wizard misses you.
Pikel hits you with a +0 whip of freezing!
You die...

###.#.........# #......#......
##......##.#### #.####.#......
##.#..#....# #.# #.#......
.#....####.#########'## #.#######
.#.#..................# #........
.###......#...........###########
......................'.'.(....#.
###.#.._.......o......#.#......#.
..............pK@.....#.##.#####.
#..#........[..p......####[#####.
#....#.###............#........#.
###..#.# ##...........#....))..'.
.......# #....(......#........#.
.###.### #...........#........#.
#.....# #############........#.
#p##### #........#. #.#
#........#.


You could see Pikel, 2 slaves and an orc wizard.

Vanquished Creatures
  A wraith (Ossuary)
  2 slaves (D:5)
  2 scorpions (D:4)
  A hound (D:5)
  6 orc priests
  5 orc wizards
  A mummy (Ossuary)
  6 adders
  3 worms
  A dart slug (D:3)
  2 leopard geckos
  14 orcs
  2 ball pythons
  6 giant cockroaches
  6 goblins
  5 hobgoblins
  3 jackals (D:3)
  6 kobolds
  3 quokkas
  10 bats
  2 frilled lizards
  11 gnoll skeletons (Ossuary)
  6 kobold skeletons (Ossuary)
  A leopard gecko skeleton (D:4)
  8 orc skeletons (Ossuary)
  A quokka skeleton (D:5)
  7 rats
121 creatures vanquished.

Vanquished Creatures (collateral kills)
  A sky beast (D:5)
  A crimson imp (D:5)
  A bullfrog skeleton (D:4)
  A worker ant zombie (D:5)
  A worm (D:4)
5 creatures vanquished.

Vanquished Creatures (others)
  An ancestor (D:5)
  4 toadstools (D:1)
5 creatures vanquished.

Grand Total: 131 creatures vanquished

Notes
Turn   | Place    | Note
-------+----------+-------------------------------------------
     0 | D:1      | GizzardofKazz the Ogre Fire Elementalist began the quest
                  | for the Orb.
     0 | D:1      | Reached XP level 1. HP: 16/16 MP: 3/3
    29 | D:1      | Reached skill level 1 in Conjurations
   437 | D:1      | Reached XP level 2. HP: 24/24 MP: 1/5
   924 | D:1      | Reached skill level 3 in Spellcasting
   971 | D:2      | Reached XP level 3. HP: 29/31 MP: 2/7
  1753 | D:2      | Reached XP level 4. HP: 33/39 MP: 3/9
  2279 | D:3      | Found a deep blue altar of Sif Muna.
  2430 | D:3      | Reached XP level 5. HP: 45/45 MP: 6/10
  2581 | D:3      | Learned a level 2 spell: Throw Flame
  2585 | D:3      | Learned a level 3 spell: Conjure Flame
  2589 | D:3      | Learned a level 3 spell: Inner Flame
  2679 | D:3      | Reached skill level 4 in Spellcasting
  3188 | D:4      | Found a staircase to the Ecumenical Temple.
  3202 | D:4      | Reached XP level 6. HP: 35/53 MP: 3/12
  3209 | D:4      | Found a sand-covered staircase.
  3224 | Ossuary  | Entered an ossuary
  3224 | Ossuary  | Noticed a wraith
  3224 | Ossuary  | Noticed a wraith
  3224 | Ossuary  | Noticed a wraith
  3596 | Ossuary  | Noticed a wraith
  3618 | Ossuary  | Killed a wraith
  3618 | Ossuary  | Reached skill level 5 in Spellcasting
  3618 | Ossuary  | Reached XP level 7. HP: 26/59 MP: 0/14
  4027 | Ossuary  | Learned a level 4 spell: Sticky Flame
  4446 | D:4      | Found a hazy altar of Hepliaklqana.
  4490 | D:4      | Became a worshipper of Hepliaklqana the Forgotten
  4553 | D:4      | Found an opulent altar of Gozag.
  4588 | Temple   | Entered the Ecumenical Temple
  5223 | D:5      | Entered Level 5 of the Dungeon
  5284 | D:5      | Reached skill level 5 in Fire Magic
  5479 | D:5      | Found a blossoming altar of Fedhas.
  5498 | D:5      | Reached skill level 6 in Spellcasting
  5498 | D:5      | Reached XP level 8. HP: 44/60 MP: 8/17
  5585 | D:5      | Found a basalt altar of Yredelemnul.
  5617 | D:5      | Reached * piety under Hepliaklqana
  5778 | D:5      | Noticed Edmund
  5865 | D:5      | Found a glowing silver altar of Zin.
  6031 | D:5      | Noticed Pikel
  6079 | D:5      | HP: 1/90 [slave[Pikel] (4)]
  6083 | D:5      | Mangled by Pikel

Vault maps used:
D:1:      ldierk_water_garden, nrook_uturn
D:3:      led_sif_book
D:4:      grunt_gozag_breadcrumbs, lemuel_round_altar,
          minmay_temple_entry_junction, nicolae_ossuary_entry_monument,
          kennysheep_decorative_pillar
D:5:      lemuel_doored_altar, fedhas_altar_1, first_ration,
          serial_co_window_serial, co_window_paths_a,
          co_window_of_opportunity_a, co_window_corner_a, co_window_paths_a,
          co_window_of_opportunity_a, co_window_broadway_a,
          co_window_broadway_c, co_window_corner_b, co_window_2corner,
          co_window_2corner, basic_altar, uniq_edmund, uniq_pikel
Temple:   nicolae_temple_god_jail
Ossuary:  ossuary_due_mausoleum

Skill      XL: |  1  2  3  4  5  6  7 |
---------------+----------------------+-----
Conjurations   | 1 2 3 4 |  4.6
Fire Magic     | 3 4 5 |  5.4
Spellcasting   | 3 4 5 6 |  6.2
Dodging        | |  1.7
Stealth        | |  1.4

Action                   |  1- 3 |  4- 6 |  7- 9 || total
-------------------------+-------+-------+-------++-------
Melee: Club              |    22 |    10 |       ||    32
       Unarmed           |     4 |       |       ||     4
       Hand axe          |       |       |    19 ||    19
 Cast: Flame Tongue      |    61 |    88 |   122 ||   271
       Throw Flame       |       |     8 |     9 ||    17
       Conjure Flame     |       |       |     1 ||     1
Invok: Ancestor Identity |       |       |     1 ||     1
 Abil: Evoke Berserk Rag |     2 |     1 |     1 ||     4
  Use: Scroll            |       |     4 |     8 ||    12
       Potion            |       |     2 |       ||     2
  Eat: Chunk             |     4 |     7 |     4 ||    15
       Ration            |       |       |     1 ||     1
Armor: Robe              |    26 |     7 |    22 ||    55
       Skin              |       |    12 |       ||    12
Dodge: Dodged            |    29 |    19 |    40 ||    88

Table legend:
 A = Non-vault XP
 B = Vault XP
 C = Vault XP percentage of total XP
 D = Non-vault monster count
 E = Vault monster count
 F = Vault count percentage of total count
                 A         B        C        D         E       F
            +---------+---------+-------+---------+---------+-------
      Total |    1019 |     321 |  24.0 |      95 |      29 |  23.4
            +---------+---------+-------+---------+---------+-------
        D:1 |      31 |       0 |   0.0 |      19 |       0 |   0.0
        D:2 |      69 |       0 |   0.0 |      20 |       0 |   0.0
        D:3 |      81 |      80 |  49.7 |      20 |       2 |   9.1
        D:4 |     346 |       0 |   0.0 |      14 |       0 |   0.0
        D:5 |     492 |       0 |   0.0 |      22 |       0 |   0.0
    Ossuary |       0 |     241 | 100.0 |       0 |      27 | 100.0
            +---------+---------+-------+---------+---------+-------
